 Dungeon Crawl Stone Soup version 0.23.2-40-g277498a001 (webtiles) character file.

Game seed: 1396301707504236889

816 Frank2 the Chopper (level 7, -2/57 HPs)
             Began as a Demigod Gladiator on Oct 6, 2019.
             Slain by an ogre
             ... wielding a +0 giant club
              (6 damage)
             ... on level 4 of the Dungeon.
             The game lasted 00:05:54 (2798 turns).

Frank2 the Chopper (Demigod Gladiator)              Turns: 2798, Time: 00:05:55

Health: -2/57      AC:  8    Str: 17    XL:     7   Next: 35%
Magic:  11/11      EV: 14    Int: 12    God:
Gold:   157        SH:  0    Dex: 21    Spells: 6/6 levels left

rFire    . . .     SeeInvis .   i - +0 battleaxe
rCold    . . .     Gourm    .   (shield currently unavailable)
rNeg     . . .     Faith    .   b - +0 leather armour
rPois    .         Spirit   .   c - +0 helmet
rElec    .         Reflect  .   (no cloak)
rCorr    .         Harm     .   o - +0 pair of gloves
MR       .....                  r - +2 pair of boots
Stlth    ++........             (no amulet)
HPRegen  0.19/turn              (no ring)
MPRegen  0.12/turn              (no ring)

@: no status effects
A: high mp 1
a: no special abilities


You were on level 4 of the Dungeon.
You were not hungry.

You visited 1 branch of the dungeon, and saw 4 of its levels.

You collected 157 gold pieces.

Inventory:

Hand Weapons
 i - a +0 battleaxe (weapon)
Missiles
 d - a throwing net (quivered)
Armour
 b - a +0 leather armour (worn)
 c - a +0 helmet (worn)
 o - a +0 pair of gloves (worn)
 r - a +2 pair of boots (worn)
Wands
 p - a wand of flame (2)
Scrolls
 e - 3 scrolls of teleportation
 h - a scroll of identify
 j - a scroll of remove curse
Potions
 g - 3 potions of agility {unknown}
 k - 3 potions of curing
 l - 2 potions of resistance {unknown}
 m - 2 potions of mutation {unknown}
Comestibles
 f - 9 rations
 n - 2 chunks of flesh


   Skills:
 + Level 3.3 Fighting
 + Level 6.0 Axes
 - Level 1.7 Throwing
 * Level 3.2 Armour
 + Level 3.8 Dodging
 * Level 1.6 Evocations


You had 6 spell levels left.
You didn't know any spells.
Your spell library was empty.

Dungeon Overview and Level Annotations

Branches:
Dungeon (4/15)
 Temple: D:4-7

Annotations:
D:3 2 transporters, AntidotE's ghost, amateur TrHu
D:4 Edmund


Innate Abilities, Weirdness & Mutations

You have an increased reservoir of magic. (+10% MP)


Message History

The ogre misses you.
You barely miss the ogre.
The ogre is heavily wounded.
The ogre closely misses you.
You hit the ogre but do no damage.
The ogre is heavily wounded.
The ogre barely misses you. The ogre hits you with a +0 giant club!
* * * LOW HITPOINT WARNING * * *
Your leather armour prevents you from hitting the ogre.
The ogre is heavily wounded.
You hit the ogre but do no damage. The ogre misses you.
Edmund says, "A flail is better than a scythe, any day of the week!"
The ogre closely misses you.
Unknown command.
Okay, then.
Okay, then.
Things that are here:
a +0 robe; the orc skeleton of Blork the orc The ogre hits you with a +0 giant club.
You die...

......#######...
##..........
...##......##.#
#...........
...######.....#
##........... ...#
####..#
#.....)...... ####
##.# #...O..... #
#.## ####...... #
#..## #...... #
#...## ####......
#### #..#.@##
#......... ...###
#..###.O###
##..O...... .[...#
#..#
###@.###..........
....## #..#
##..##@.........
....# #..#
##O.#..........
...## ..#
###[..........
..## ##..........
.### #..........
...#.. #..........


You could see Edmund and 2 ogres.

Vanquished Creatures
  Grinder (D:3)
  2 ogres (D:4)
  Blork the orc (D:4)
  A scorpion (D:4)
  3 orc priests
  An orc wizard (D:4)
  Natasha (thrice) (D:2)
  A worker ant (D:4)
  Robin (D:3)
  2 adders
  An ooze (D:3)
  6 dart slugs
  A worm (D:2)
  3 leopard geckos
  4 orcs
  4 giant cockroaches
  12 goblins
  4 hobgoblins
  2 jackals (D:1)
  8 kobolds
  2 ball pythons
  8 bats
  9 frilled lizards
  2 quokka skeletons (D:4)
  5 rats
87 creatures vanquished.

Notes
Turn   | Place    | Note
-------+----------+-------------------------------------------
     0 | D:1      | Frank2 the Demigod Gladiator began the quest for the Orb.
     0 | D:1      | Reached XP level 1. HP: 17/17 MP: 3/3
    66 | D:1      | Reached skill level 3 in Axes
    66 | D:1      | Reached XP level 2. HP: 9/24 MP: 4/4
   556 | D:1      | Reached skill level 1 in Armour
   562 | D:1      | Reached XP level 3. HP: 7/29 MP: 5/5
  1140 | D:2      | Noticed Natasha
  1150 | D:2      | Killed Natasha
  1324 | D:2      | Reached XP level 4. HP: 36/36 MP: 6/6
  1478 | D:2      | Noticed Natasha
  1483 | D:2      | Killed Natasha
  1670 | D:2      | Noticed Natasha
  1681 | D:2      | Killed Natasha
  1681 | D:2      | Reached skill level 4 in Axes
  1698 | D:3      | Noticed Grinder
  1701 | D:3      | Paralysed by Grinder for 2 turns
  1711 | D:3      | Killed Grinder
  1711 | D:3      | Reached XP level 5. HP: 42/42 MP: 7/7
  1711 | D:3      | Reached XP level 6. HP: 50/50 MP: 8/8
  1837 | D:3      | Found a transporter.
  1837 | D:3      | Noticed AntidotE's ghost (amateur TrHu)
  1861 | D:3      | Found a transporter.
  1868 | D:3      | Noticed Robin
  1878 | D:3      | Killed Robin
  1881 | D:3      | Reached skill level 5 in Axes
  2356 | D:4      | Noticed Blork the orc
  2590 | D:4      | Killed Blork the orc
  2590 | D:4      | Reached skill level 1 in Evocations
  2590 | D:4      | Reached XP level 7. HP: 34/57 MP: 10/10
  2777 | D:4      | Reached skill level 6 in Axes
  2779 | D:4      | Noticed Edmund
  2782 | D:4      | HP: 1/57 [ogre/+0 giant club (17)]
  2798 | D:4      | Slain by an ogre

Skill      XL: |  1  2  3  4  5  6  7 |
---------------+----------------------+-----
Axes           | 3 4 5 6 |  6.0
Dodging        | 3 |  3.8
Armour         | 1 2 3 |  3.2
Fighting       | 2 3 |  3.3
Evocations     | 1 |  1.6
Throwing       | |  1.7

Action                   |  1- 3 |  4- 6 |  7- 9 || total
-------------------------+-------+-------+-------++-------
Melee: War axe           |    88 |   123 |       ||   211
       Battleaxe         |       |       |    13 ||    13
Throw: Throwing net      |       |     3 |     1 ||     4
Evoke: Wand              |       |     3 |       ||     3
  Use: Scroll            |       |     8 |       ||     8
       Potion            |       |     1 |       ||     1
 Stab: Sleeping          |     3 |     4 |       ||     7
       Held in net/web   |       |     3 |       ||     3
  Eat: Chunk             |     1 |     5 |       ||     6
Armor: Leather armour    |    35 |    44 |       ||    79
Dodge: Dodged            |    98 |    99 |    10 ||   207
